 Dungeon Crawl Stone Soup version 0.25-a0-458-g6fc7858b95 (webtiles) character file.

Game seed: 9206690761419914010, levelgen mode: deterministic

151 ChaosChampion the Sneak (level 5, -10/25 HPs)
             Began as a Spriggan Enchanter on Feb 1, 2020.
             Mangled by an ogre
             ... wielding a +0 giant club
              (21 damage)
             ... on level 2 of the Dungeon.
             The game lasted 00:06:18 (2437 turns).

ChaosChampion the Sneak (Spriggan Enchanter)        Turns: 2437, Time: 00:06:18

Health: -10/25     AC:  3    Str:  4    XL:     5   Next: 10%
Magic:  7/10       EV: 19    Int: 17    God:
Gold:   216        SH:  0    Dex: 17    Spells: 4/10 levels left

rFire    . . .     SeeInvis +   f - +2 dagger (drain)
rCold    . . .     Gourm    .   (shield restricted)
rNeg     . . .     Faith    .   b - +0 robe
rPois    .         Spirit   .   (helmet restricted)
rElec    .         Reflect  .   e - +0 cloak
rCorr    .         Harm     .   (gloves unavailable)
MR       .....                  (boots unavailable)
Stlth    +++.......             (no amulet)
HPRegen  0.08/turn              (no ring)
MPRegen  0.12/turn              (no ring)

@: very quick
A: very small, unfitting armour, see invisible, herbivore, speed 3, slow
metabolism 2
a: no special abilities


You were on level 2 of the Dungeon.
You were very hungry.

You visited 1 branch of the dungeon, and saw 3 of its levels.

You collected 216 gold pieces.

Inventory:

Hand Weapons
 f - a +2 dagger of draining (weapon)
Missiles
 g - 4 datura-tipped darts (quivered)
 u - 8 poisoned darts
Armour
 b - a +0 robe (worn)
 e - a +0 cloak (worn)
Jewellery
 j - a +2 ring of dexterity {unknown}
Wands
 r - a wand of random effects (4)
Scrolls
 c - 3 scrolls of fear {unknown}
 h - 4 scrolls of identify {unknown}
 i - a scroll of blinking {unknown}
 k - 2 scrolls of immolation {unknown}
 o - 2 scrolls of amnesia {unknown}
 p - a scroll of teleportation {unknown}
Potions
 a - a potion of lignification {unknown}
 l - a potion of ambrosia {unknown}
 m - a potion of mutation {unknown}
 n - a potion of might {unknown}
 q - 4 potions of haste {unknown}
 s - a potion of berserk rage {unknown}
 t - a potion of heal wounds {unknown}
Comestibles
 d - 4 rations


   Skills:
 + Level 0.5 Fighting
 + Level 1.9 Short Blades
 + Level 4.3 Dodging
 * Level 6.2 Stealth
 + Level 3.2 Spellcasting
 * Level 4.5 Hexes
 + Level 0.1 Ice Magic


You had 4 spell levels left.
You knew the following spells:

 Your Spells              Type           Power        Failure   Level  Hunger
a - Corona                Hex            ###....      2%          1    None
b - Ensorcelled Hibernat  Hex/Ice        ##....       10%         2    ##.....
c - Dazzling Flash        Conj/Hex       ##....       21%         3    ###....

Your spell library contained the following spells:

 Spells                   Type           Power        Failure   Level  Hunger
 Confusing Touch          Hex            ###.....     8%          3    ###....
 Tukima's Dance           Hex            ###.....     8%          3    ###....


Dungeon Overview and Level Annotations

Branches:
Dungeon (3/15)

Altars:
Hepliaklqana
The Shining One


Innate Abilities, Weirdness & Mutations

You are very small and have problems with some larger weapons.
You are too small for most types of armour.
You have supernaturally acute eyesight. (SInv)
You are a herbivore.
You cover ground extremely quickly.
You need to consume almost no food.


Message History

You climb upwards.
There is a stone staircase leading down here.
Casting: Ensorcelled Hibernation (safe; 10% risk of failure)
Confirm with . or Enter, or press ? or * to list all spells.
The jackal is dazzled.
The ogre is dazzled.
The jackal is dazzled.
The jackal misses you. x2; The ogre closely misses you.
The jackal closely misses you.
You closely miss the jackal.
The jackal bites you but does no damage.
The jackal misses you. The jackal closely misses you.
You hit the jackal but do no damage. The ogre closely misses you.
The jackal completely misses you.
You closely miss the jackal.
The jackal is no longer blind.
The jackal barely misses you.
You hit the jackal but do no damage. You drain the jackal.
The jackal is severely wounded.
The jackal completely misses you. The jackal closely misses you.
The ogre hits you with a +0 giant club!!
Ouch! That really hurt!
You die...

#.#####.###.###..# #.#....
#....>..)........# #.#..#.
########.###........#...# #.#..#.
.........# #.#........(## #.#..##
#####....# #.##..#...#.## #......
# #.#### #.##..#..###.# #...###
#####.######.##..#......###..##.#
#......<.....##h.#...........#...
#.###.#########O@#.........####'#
#.# #.#########h.##.....#.##.#...
#.# #............##.......#..'...
#.# ##########...####.#.#.##.#...
#.# #........#.#..####)# #.#
##...#.####.##...#... #.#
#.#.........####.##.# #)####
##..##.###### #..### #....#
##.#.## ##....


You could see an ogre (blind) and 2 jackals.

Vanquished Creatures
  A scorpion (D:2)
  2 adders
  An ooze (D:1)
  2 worms
  2 dart slugs (D:1)
  5 leopard geckos
  4 orcs (D:3)
  7 bats
  A giant cockroach (D:1)
  7 goblins
  10 hobgoblins
  4 jackals
  3 frilled lizards
  7 kobolds
  6 rats
62 creatures vanquished.

Vanquished Creatures (others)
  A bat (D:1)
1 creature vanquished.

Grand Total: 63 creatures vanquished

Notes
Turn   | Place    | Note
-------+----------+-------------------------------------------
     0 | D:1      | ChaosChampion the Spriggan Enchanter began the quest for
                  | the Orb.
     0 | D:1      | Reached XP level 1. HP: 9/9 MP: 5/5
   491 | D:1      | Reached XP level 2. HP: 13/13 MP: 4/6
   700 | D:1      | Reached skill level 5 in Stealth
   851 | D:1      | Reached XP level 3. HP: 16/16 MP: 8/8
  1004 | D:2      | Learned a level 2 spell: Ensorcelled Hibernation
  1008 | D:2      | Learned a level 3 spell: Dazzling Flash
  1079 | D:2      | Found a hazy altar of Hepliaklqana.
  1229 | D:2      | Noticed a scorpion
  1236 | D:2      | Killed a scorpion
  1236 | D:2      | Reached XP level 4. HP: 20/21 MP: 9/9
  1688 | D:2      | Found a glowing golden altar of the Shining One.
  1841 | D:3      | Reached skill level 6 in Stealth
  2331 | D:3      | Reached XP level 5. HP: 25/25 MP: 5/10
  2355 | D:3      | Noticed an ogre
  2437 | D:2      | Mangled by an ogre

Levels and vault maps discovered:
D:1:      scummos_arrival_gate, layout_loops_ring
D:2:      cheibrodos_greedy_goblins, layout_loops_ring, marbit_many_paths,
          nicolae_overflow_crystal_walls, first_ration, minmay_cupped
D:3:      layout_loops_ring, uniq_terence

Skill      XL: |  1  2  3  4 |
---------------+-------------+-----
Hexes          | 4 |  4.5
Stealth        | 5 6 |  6.2
Dodging        | 4 |  4.3
Spellcasting   | 3 |  3.2
Fighting       | |  0.5
Short Blades   | |  1.9
Ice Magic      | |  0.1

Action                   |  1- 3 |  4- 6 || total
-------------------------+-------+-------++-------
Melee: Dagger            |    77 |    99 ||   176
 Cast: Corona            |     4 |       ||     4
       Ensorcelled Hiber |     1 |    21 ||    22
       Dazzling Flash    |       |     4 ||     4
 Stab: Sleeping          |     8 |    17 ||    25
       Invisible         |       |     1 ||     1
Armor: Robe              |     9 |     9 ||    18
Dodge: Dodged            |    54 |   132 ||   186

Table legend:
 A = Non-vault XP
 B = Vault XP
 C = Vault XP percentage of total XP
 D = Non-vault monster count
 E = Vault monster count
 F = Vault count percentage of total count
                 A         B        C        D         E       F
            +---------+---------+-------+---------+---------+-------
      Total |     189 |      27 |  12.5 |      48 |      14 |  22.6
            +---------+---------+-------+---------+---------+-------
        D:1 |      42 |       0 |   0.0 |      17 |       0 |   0.0
        D:2 |     107 |      27 |  20.1 |      17 |      14 |  45.2
        D:3 |      40 |       0 |   0.0 |      14 |       0 |   0.0
            +---------+---------+-------+---------+---------+-------
